[ PARTIDA AOE2 · #475194802 ]
1v1 RMMalíes vs Magyars
Equipo del jugador · DERR
Equipo rival · VICT
[ ANÁLISIS DE REPETICIÓN · EXTRAÍDO DE LA PARTIDA GRABADA ]
Feudal
9:31
Castillos
24:50
Imperial
—
| APM promedio | 32.1 |
| APM pico | 49 |
| eAPM promedio | 15.8 |
| Aldeanos / militares | 63 / 55 |
Foco
⚔️ 34.8% · 🌾 65.2%
Archer ×38 · Spearman ×17
Feudal
9:26
Castillos
27:05
Imperial
—
| APM promedio | 30.0 |
| APM pico | 64 |
| eAPM promedio | 17.0 |
| Aldeanos / militares | 83 / 56 |
Foco
⚔️ 29.5% · 🌾 70.5%
Scout Cavalry ×29 · Knight ×21 · Spearman ×3 · Mangonel ×3
Mapa de la partida
Recursos iniciales + cada clic de construcción. Líneas = muros · curvas = relieve. ◆ oro · ⬟ piedra · ● bayas · ✦ reliquia · ◌ hueco del cierre
Tu base· ✓ Cerrada en 24:50 · 48t muro · 2 puerta(s)
Base de Pica Pau VS Groot· Abierta — flanco sin cerrar
Terreno inicial suavizado · ◌ = hueco del cierre detectado · pasá el cursor para detalles
Inputs por minuto
— ZoS - - Pica Pau VS Groot
Build order — ZoS
Primeras 150 de 216 acciones detectadas
| 0:01 | Crear | Villager (Male) |
| 0:01 | Crear | Villager (Male) |
| 0:02 | Crear | Villager (Male) |
| 0:02 | Crear | Villager (Male) |
| 0:02 | Crear | Villager (Male) |
| 0:04 | Construir | House |
| 0:08 | Construir | House |
| 1:37 | Crear | Villager (Male) |
| 1:48 | Construir | Lumber Camp |
| 2:01 | Crear | Villager (Male) |
| 2:25 | Crear | Villager (Male) |
| 2:51 | Crear | Villager (Male) |
| 3:20 | Crear | Villager (Male) |
| 3:39 | Crear | Villager (Male) |
| 3:56 | Construir | House |
| 4:11 | Crear | Villager (Male) |
| 4:25 | Investigar | Loom |
| 4:50 | Construir | Mill |
| 5:06 | Crear | Villager (Male) |
| 5:36 | Crear | Villager (Male) |
| 6:03 | Crear | Villager (Male) |
| 6:22 | Crear | Villager (Male) |
| 6:55 | Crear | Villager (Male) |
| 7:21 | Investigar | Feudal Age |
| 7:27 | Construir | Mill |
| 8:13 | Construir | House |
| 8:20 | Construir | Barracks |
| 8:50 | Crear | Villager (Male) |
| 9:16 | Construir | Mining Camp |
| 9:31 | Edad | Edad Feudal |
| 9:41 | Construir | Archery Range |
| 9:43 | Investigar | Double-Bit Axe |
| 9:48 | Crear | Villager (Male) |
| 10:12 | Construir | House |
| 10:14 | Crear | Villager (Male) |
| 10:33 | Construir | Archery Range |
| 10:35 | Crear | Archer |
| 10:43 | Crear | Villager (Male) |
| 10:51 | Crear | Spearman |
| 11:02 | Construir | House |
| 11:06 | Crear | Villager (Male) |
| 11:11 | Crear | Archer |
| 11:23 | Construir | Farm |
| 11:26 | Construir | Farm |
| 11:29 | Crear | Villager (Male) |
| 11:31 | Crear | Spearman |
| 11:37 | Construir | House |
| 11:56 | Construir | House |
| 11:58 | Crear | Archer |
| 11:58 | Crear | Archer |
| 11:59 | Crear | Villager (Male) |
| 12:20 | Construir | Farm |
| 12:22 | Crear | Villager (Male) |
| 12:36 | Construir | House |
| 12:38 | Crear | Archer |
| 12:38 | Crear | Archer |
| 12:39 | Crear | Villager (Male) |
| 12:45 | Crear | Spearman |
| 13:04 | Construir | Palisade Wall |
| 13:09 | Crear | Archer |
| 13:09 | Crear | Archer |
| 13:12 | Crear | Spearman |
| 13:12 | Crear | Villager (Male) |
| 13:41 | Crear | Archer |
| 13:49 | Crear | Villager (Male) |
| 13:54 | Construir | Blacksmith |
| 14:07 | Construir | Farm |
| 14:19 | Crear | Villager (Male) |
| 14:20 | Crear | Archer |
| 14:23 | Construir | Farm |
| 14:37 | Crear | Archer |
| 14:42 | Construir | Farm |
| 15:12 | Crear | Villager (Male) |
| 15:14 | Crear | Archer |
| 15:14 | Crear | Archer |
| 15:18 | Construir | House |
| 15:25 | Construir | Farm |
| 15:52 | Construir | House |
| 16:23 | Investigar | Fletching |
| 16:26 | Crear | Archer |
| 16:26 | Crear | Archer |
| 16:35 | Construir | Palisade Gate |
| 16:44 | Construir | Palisade Wall |
| 16:50 | Crear | Villager (Male) |
| 16:50 | Crear | Villager (Male) |
| 16:50 | Crear | Villager (Male) |
| 16:55 | Construir | Farm |
| 17:01 | Construir | Farm |
| 17:02 | Construir | Farm |
| 17:03 | Construir | Farm |
| 17:04 | Construir | Farm |
| 17:05 | Construir | Farm |
| 17:07 | Crear | Archer |
| 17:19 | Crear | Archer |
| 17:22 | Construir | House |
| 17:24 | Construir | Palisade Wall |
| 17:39 | Crear | Archer |
| 17:58 | Construir | House |
| 18:03 | Crear | Villager (Male) |
| 18:19 | Crear | Archer |
| 18:20 | Crear | Villager (Male) |
| 18:39 | Crear | Archer |
| 18:39 | Crear | Archer |
| 18:49 | Construir | Market |
| 18:54 | Construir | Farm |
| 18:57 | Crear | Villager (Male) |
| 19:15 | Construir | House |
| 19:19 | Construir | House |
| 19:20 | Crear | Villager (Male) |
| 19:49 | Crear | Spearman |
| 19:49 | Crear | Spearman |
| 19:51 | Crear | Villager (Male) |
| 19:59 | Construir | Farm |
| 20:07 | Crear | Villager (Male) |
| 20:20 | Construir | House |
| 20:21 | Construir | House |
| 20:39 | Crear | Villager (Male) |
| 20:44 | Construir | Farm |
| 20:46 | Construir | Farm |
| 20:50 | Construir | Farm |
| 20:51 | Construir | Farm |
| 20:52 | Construir | Farm |
| 21:09 | Crear | Villager (Male) |
| 21:11 | Crear | Archer |
| 21:11 | Crear | Archer |
| 21:58 | Construir | Farm |
| 22:10 | Investigar | Castle Age |
| 22:19 | Construir | Palisade Wall |
| 22:37 | Construir | Barracks |
| 22:40 | Crear | Spearman |
| 22:40 | Crear | Spearman |
| 22:50 | Crear | Archer |
| 23:12 | Crear | Spearman |
| 23:24 | Construir | Farm |
| 23:32 | Construir | Gate |
| 23:41 | Crear | Spearman |
| 23:41 | Crear | Spearman |
| 23:44 | Crear | Archer |
| 23:57 | Crear | Villager (Male) |
| 23:59 | Investigar | Wheelbarrow |
| 24:00 | Investigar | Town Watch |
| 24:05 | Investigar | Padded Archer Armor |
| 24:14 | Investigar | Scale Mail Armor |
| 24:36 | Crear | Archer |
| 24:36 | Crear | Archer |
| 24:37 | Crear | Spearman |
| 24:50 | Edad | Edad de los Castillos |
| 24:53 | Construir | Palisade Wall |
| 24:54 | Construir | Palisade Wall |
| 25:13 | Investigar | Crossbowman (upgrade) |
Build order — Pica Pau VS Groot
Primeras 150 de 236 acciones detectadas
| 0:00 | Crear | Villager (Male) |
| 0:01 | Crear | Villager (Male) |
| 0:01 | Crear | Villager (Male) |
| 0:02 | Construir | House |
| 0:03 | Construir | House |
| 0:20 | Crear | Villager (Male) |
| 1:43 | Crear | Villager (Male) |
| 1:43 | Crear | Villager (Male) |
| 1:45 | Crear | Villager (Male) |
| 1:45 | Crear | Villager (Male) |
| 1:54 | Construir | Lumber Camp |
| 2:15 | Crear | Villager (Male) |
| 2:15 | Crear | Villager (Male) |
| 2:51 | Crear | Villager (Male) |
| 3:07 | Crear | Villager (Male) |
| 3:29 | Construir | House |
| 3:43 | Crear | Villager (Male) |
| 3:47 | Construir | House |
| 4:14 | Crear | Villager (Male) |
| 4:35 | Crear | Villager (Male) |
| 4:51 | Construir | Palisade Wall |
| 4:58 | Crear | Villager (Male) |
| 5:13 | Crear | Villager (Male) |
| 5:15 | Construir | Mill |
| 5:51 | Crear | Villager (Male) |
| 6:13 | Crear | Villager (Male) |
| 6:34 | Crear | Villager (Male) |
| 6:39 | Investigar | Loom |
| 7:16 | Investigar | Feudal Age |
| 7:17 | Investigar | Feudal Age |
| 7:32 | Construir | Palisade Wall |
| 7:53 | Construir | Barracks |
| 8:25 | Construir | Palisade Wall |
| 9:04 | Crear | Villager (Male) |
| 9:04 | Crear | Villager (Male) |
| 9:26 | Edad | Edad Feudal |
| 9:29 | Construir | Stable |
| 9:32 | Crear | Villager (Male) |
| 9:33 | Crear | Spearman |
| 9:38 | Crear | Villager (Male) |
| 9:58 | Construir | House |
| 9:59 | Construir | House |
| 10:06 | Construir | Blacksmith |
| 10:10 | Crear | Scout Cavalry |
| 10:10 | Crear | Scout Cavalry |
| 10:21 | Crear | Spearman |
| 10:31 | Crear | Scout Cavalry |
| 10:48 | Crear | Villager (Male) |
| 10:54 | Crear | Scout Cavalry |
| 11:14 | Construir | Palisade Wall |
| 11:20 | Construir | Stable |
| 11:26 | Crear | Villager (Male) |
| 11:30 | Crear | Spearman |
| 11:44 | Construir | Mill |
| 11:49 | Crear | Villager (Male) |
| 11:52 | Crear | Scout Cavalry |
| 12:06 | Construir | Farm |
| 12:12 | Construir | House |
| 12:17 | Construir | House |
| 12:24 | Crear | Scout Cavalry |
| 12:39 | Construir | Farm |
| 12:44 | Construir | Farm |
| 12:53 | Crear | Villager (Male) |
| 13:14 | Construir | Farm |
| 13:16 | Construir | Farm |
| 13:21 | Construir | Farm |
| 13:24 | Crear | Villager (Male) |
| 13:41 | Crear | Villager (Male) |
| 13:50 | Construir | Farm |
| 13:52 | Construir | Farm |
| 14:02 | Crear | Villager (Male) |
| 14:15 | Crear | Scout Cavalry |
| 14:17 | Construir | Farm |
| 14:30 | Crear | Villager (Male) |
| 14:40 | Crear | Scout Cavalry |
| 14:41 | Construir | Farm |
| 14:58 | Crear | Villager (Male) |
| 15:10 | Crear | Villager (Male) |
| 15:12 | Construir | Farm |
| 15:19 | Crear | Villager (Male) |
| 15:34 | Crear | Villager (Male) |
| 15:36 | Construir | Farm |
| 15:40 | Construir | Lumber Camp |
| 15:49 | Crear | Villager (Male) |
| 15:54 | Crear | Scout Cavalry |
| 15:54 | Crear | Scout Cavalry |
| 15:56 | Construir | Farm |
| 16:03 | Crear | Villager (Male) |
| 16:27 | Construir | Farm |
| 16:29 | Construir | House |
| 16:30 | Construir | House |
| 16:33 | Crear | Scout Cavalry |
| 16:33 | Crear | Scout Cavalry |
| 16:36 | Construir | House |
| 16:37 | Construir | House |
| 16:37 | Construir | House |
| 16:46 | Crear | Villager (Male) |
| 16:47 | Construir | Farm |
| 16:55 | Crear | Scout Cavalry |
| 16:55 | Crear | Scout Cavalry |
| 16:58 | Crear | Villager (Male) |
| 17:14 | Construir | Mining Camp |
| 17:16 | Crear | Villager (Male) |
| 17:18 | Construir | House |
| 17:19 | Construir | House |
| 17:21 | Construir | House |
| 17:22 | Construir | House |
| 17:24 | Crear | Villager (Male) |
| 17:28 | Crear | Scout Cavalry |
| 17:30 | Crear | Scout Cavalry |
| 17:36 | Crear | Villager (Male) |
| 17:49 | Crear | Villager (Male) |
| 17:58 | Crear | Scout Cavalry |
| 18:00 | Crear | Scout Cavalry |
| 18:05 | Crear | Villager (Male) |
| 18:19 | Construir | House |
| 18:31 | Crear | Scout Cavalry |
| 18:31 | Crear | Scout Cavalry |
| 18:40 | Construir | Farm |
| 18:40 | Construir | Farm |
| 18:46 | Crear | Villager (Male) |
| 18:57 | Crear | Villager (Male) |
| 19:12 | Investigar | Bloodlines |
| 19:12 | Investigar | Bloodlines |
| 19:22 | Crear | Villager (Male) |
| 19:23 | Construir | Farm |
| 19:38 | Crear | Villager (Male) |
| 19:47 | Crear | Scout Cavalry |
| 19:48 | Crear | Scout Cavalry |
| 19:52 | Construir | Farm |
| 20:02 | Construir | Market |
| 20:12 | Crear | Villager (Male) |
| 20:12 | Crear | Villager (Male) |
| 20:12 | Crear | Villager (Male) |
| 20:15 | Crear | Villager (Male) |
| 20:18 | Construir | Farm |
| 20:36 | Investigar | Scale Barding Armor |
| 20:45 | Construir | Farm |
| 20:45 | Construir | Farm |
| 20:46 | Construir | Farm |
| 20:47 | Construir | Farm |
| 20:48 | Construir | Farm |
| 20:49 | Crear | Villager (Male) |
| 20:50 | Crear | Villager (Male) |
| 21:05 | Crear | Villager (Male) |
| 21:11 | Construir | Farm |
| 21:30 | Crear | Scout Cavalry |
| 21:30 | Crear | Scout Cavalry |
| 21:49 | Crear | Scout Cavalry |
| 21:50 | Crear | Scout Cavalry |
Cronología de la partida
| 4:51 | Pica Pau VS Groot · wall_segment Palisade Wall x15 |
| 7:32 | Pica Pau VS Groot · wall_segment Palisade Wall x9 |
| 7:53 | Pica Pau VS Groot · first_building Barracks |
| 8:20 | ZoS · first_building Barracks |
| 8:25 | Pica Pau VS Groot · wall_segment Palisade Wall x8 |
| 9:26 | Pica Pau VS Groot · age_up feudal |
| 9:29 | Pica Pau VS Groot · first_building Stable |
| 9:31 | ZoS · age_up feudal |
| 9:41 | ZoS · first_building Archery Range |
| 11:14 | Pica Pau VS Groot · wall_segment Palisade Wall x6 |
| 13:04 | ZoS · wall_segment Palisade Wall x17 |
| 16:44 | ZoS · wall_segment Palisade Wall x8 |
| 17:24 | ZoS · wall_segment Palisade Wall x8 |
| 22:19 | ZoS · wall_segment Palisade Wall x15 |
| 24:17 | Pica Pau VS Groot · first_market_buy 100 food |
| 24:50 | ZoS · age_up castle |
| 24:53 | ZoS · wall_segment Palisade Wall x3 |
| 24:54 | ZoS · wall_segment Palisade Wall x7 |
| 27:02 | ZoS · first_market_sell 100 food |
| 27:04 | ZoS · first_market_buy 100 wood |
| 27:05 | Pica Pau VS Groot · age_up castle |
| 27:16 | Pica Pau VS Groot · first_building Siege Workshop |
| 28:31 | Pica Pau VS Groot · first_market_sell 100 food |
| 31:49 | ZoS · resign |
[ ANÁLISIS IA · 1 CRÉDITO ]
¿Qué pasó realmente en esta partida?
Wolo.gg analiza cada decisión: build order, eco, micro, errores típicos por bracket. Análisis personalizado por WhatsApp o Discord en 30 segundos.
Guía civ
Malíes
Guía mapa
Arabia
Perfil
Jugador #4092656